3L
CAPITAL DISTRICT RED KNIGHTS @ HARTFORD WHALERS
09/08/2019
 
TOP OF THE 1ST
Capital District Red Knights batting - Pitching for Hartford Whalers : LHP Orlando Martínez
Pitching: LHP Orlando Martínez
Batting: LHB Phil Ritchie 0-0: Called Strike
0-1: Ground out U3 (Groundball, 3)
Batting: RHB Mark Field 0-0: Ball
1-0: Ground out 5-3 (Groundball, 56)
Batting: RHB Chang-bum Pak 0-0: Called Strike
0-1: Ball
1-1: Ball
2-1: Ball
3-1: Base on Balls
Batting: RHB David Edwards 0-0: Ball
1-0: Called Strike
1-1: Fly out, F9 (Flyball, 9LM)
Top of the 1st over - 0 run(s), 0 hit(s), 0 error(s), 1 left on base; Capital District 0 - Hartford 0
BOTTOM OF THE 1ST
Hartford Whalers batting - Pitching for Capital District Red Knights : RHP Paul Lowery
Pitching: RHP Paul Lowery
Batting: RHB Akahele Kimokeo 0-0: Called Strike
0-1: Foul Ball, location: 2F
0-2: Ball
1-2: Foul Ball, location: 2F
1-2: Strikes out swinging
Batting: RHB Roberto Ramírez 0-0: Ball
1-0: Ball
2-0: Called Strike
2-1: Foul Ball, location: 2F
2-2: Ball
3-2: Fly out, F8 (Flyball, 8LD)
Batting: LHB César Durán 0-0: Ball
1-0: Called Strike
1-1: Ball
2-1: SOLO HOME RUN (Flyball, 9D), Distance : 362 ft
Batting: RHB Mike Brown 0-0: Ball
1-0: Fly out, F7 (Line Drive, 7M)
Bottom of the 1st over - 1 run(s), 1 hit(s), 0 error(s), 0 left on base; Capital District 0 - Hartford 1
TOP OF THE 2ND
Capital District Red Knights batting - Pitching for Hartford Whalers : LHP Orlando Martínez
Batting: RHB Guillermo Montoya 0-0: Foul Ball, location: 2F
0-1: Ground out 4-3 (Groundball, 34)
Batting: LHB Jeff Walsh 0-0: Ball
1-0: Fly out, F8 (Flyball, 8RM)
Batting: RHB Jesús Castro 0-0: Called Strike
0-1: Ball
1-1: Swinging Strike
1-2: Strikes out swinging
Top of the 2nd over - 0 run(s), 0 hit(s), 0 error(s), 0 left on base; Capital District 0 - Hartford 1
BOTTOM OF THE 2ND
Hartford Whalers batting - Pitching for Capital District Red Knights : RHP Paul Lowery
Batting: LHB Bill Burgess 0-0: Swinging Strike
0-1: Swinging Strike
0-2: Ground out 1-3 (Groundball, 23)
Batting: RHB Michael Collins 0-0: Ball
1-0: Called Strike
1-1: Ball
2-1: Ball
3-1: Foul Ball, location: 2F
3-2: Strikes out looking
Batting: RHB Félix Rodríguez 0-0: Called Strike
0-1: SINGLE (Line Drive, 34D)
Batting: LHB Frank Parks 0-0: Fielders Choice at 2nd, U4 (Groundball, 4M)
Bottom of the 2nd over - 0 run(s), 1 hit(s), 0 error(s), 1 left on base; Capital District 0 - Hartford 1
TOP OF THE 3RD
Capital District Red Knights batting - Pitching for Hartford Whalers : LHP Orlando Martínez
Batting: RHB Cullen Spencer 0-0: Called Strike
0-1: Ball
1-1: Called Strike
1-2: Ball
2-2: Ball
3-2: Base on Balls
Batting: RHB Paul Lowery 0-0: Bunted foul
0-1: Bunted foul
0-2: Sac Bunt - play at first, batter OUT! 1-4
Cullen Spencer to second
Batting: LHB Phil Ritchie 0-0: Foul Ball, location: 2F
0-1: Swinging Strike
0-2: Strikes out looking
Batting: RHB Mark Field 0-0: Ball
1-0: Called Strike
1-1: Ground out 5-3 (Groundball, 56)
Top of the 3rd over - 0 run(s), 0 hit(s), 0 error(s), 1 left on base; Capital District 0 - Hartford 1
BOTTOM OF THE 3RD
Hartford Whalers batting - Pitching for Capital District Red Knights : RHP Paul Lowery
Batting: LHB Orlando Martínez 0-0: Ball
1-0: Fly out, F9 (Line Drive, 89M)
Batting: RHB Akahele Kimokeo 0-0: Ball
1-0: Swinging Strike
1-1: Ball
2-1: Ball
3-1: Ground out 1-3 (Groundball, 13)
Batting: RHB Roberto Ramírez 0-0: Ball
1-0: Ball
2-0: Called Strike
2-1: Swinging Strike
2-2: Ball
3-2: Foul Ball, location: 2F
3-2: Ground out 5-3 (Groundball, 56)
Bottom of the 3rd over - 0 run(s), 0 hit(s), 0 error(s), 0 left on base; Capital District 0 - Hartford 1
TOP OF THE 4TH
Capital District Red Knights batting - Pitching for Hartford Whalers : LHP Orlando Martínez
Batting: RHB Chang-bum Pak 0-0: Ball
1-0: Fly out, F8 (Flyball, 8LD)
Batting: RHB David Edwards 0-0: Swinging Strike
0-1: Ball
1-1: Foul Ball, location: 2F
1-2: DOUBLE (Groundball, 5L)
Batting: RHB Guillermo Montoya 0-0: Called Strike
0-1: Ground out 4-3 (Groundball, 4)
David Edwards to third
Batting: LHB Jeff Walsh 0-0: Ball
1-0: Ball
2-0: Ball
3-0: Called Strike
3-1: SINGLE (Groundball, 3D)
David Edwards scores
Batting: RHB Jesús Castro 0-0: Ball
1-0: Called Strike
1-1: Ball
2-1: Called Strike
2-2: Strikes out swinging
Top of the 4th over - 1 run(s), 2 hit(s), 0 error(s), 1 left on base; Capital District 1 - Hartford 1
BOTTOM OF THE 4TH
Hartford Whalers batting - Pitching for Capital District Red Knights : RHP Paul Lowery
Batting: LHB César Durán 0-0: Called Strike
0-1: Ball
1-1: Ball
2-1: Ball
3-1: Ground out 4-3 (Groundball, 4M)
Batting: RHB Mike Brown 0-0: Ball
1-0: Called Strike
1-1: Foul Ball, location: 2F
1-2: SINGLE (Line Drive, 78S)
Batting: LHB Bill Burgess 0-0: Ball
1-0: Ball
Mike Brown steals 2nd base
2-0: Ball
3-0: Called Strike
3-1: Called Strike
3-2: Strikes out looking
Batting: RHB Michael Collins 0-0: Foul Ball, location: 2F
0-1: Ground out 5-3 (Groundball, 5)
Bottom of the 4th over - 0 run(s), 1 hit(s), 0 error(s), 1 left on base; Capital District 1 - Hartford 1
TOP OF THE 5TH
Capital District Red Knights batting - Pitching for Hartford Whalers : LHP Orlando Martínez
Batting: RHB Cullen Spencer 0-0: Ball
1-0: SINGLE (Groundball, 23) (infield hit)
Batting: RHB Paul Lowery 0-0: Sac Bunt - play at first, batter OUT! 1-4
Cullen Spencer to second
Batting: LHB Phil Ritchie 0-0: Foul Ball, location: 2F
0-1: Ball
1-1: Fly out, F4 (Popup, 4S)
Batting: RHB Mark Field 0-0: Ball
1-0: Fly out, F9 (Flyball, 89M)
Top of the 5th over - 0 run(s), 1 hit(s), 0 error(s), 1 left on base; Capital District 1 - Hartford 1
BOTTOM OF THE 5TH
Hartford Whalers batting - Pitching for Capital District Red Knights : RHP Paul Lowery
Batting: RHB Félix Rodríguez 0-0: Called Strike
0-1: Ball
1-1: Foul Ball, location: 2F
1-2: SINGLE (Line Drive, 78M)
Batting: LHB Frank Parks 0-0: Called Strike
0-1: SINGLE (Groundball, 34D)
Félix Rodríguez to second
Runner from 2nd tries for 3rd, SAFE, no throw or cutoff
Batting: LHB Orlando Martínez 0-0: Sac Bunt - play at first, batter OUT! 2-4
Frank Parks to second
Batting: RHB Akahele Kimokeo 0-0: Foul Ball, location: 2F
0-1: Called Strike
0-2: Foul Ball, location: 2F
0-2: Ball
1-2: Ball
2-2: Ground out 4-3 (Groundball, 4M)
Félix Rodríguez scores
Frank Parks to third
Batting: RHB Roberto Ramírez 0-0: Foul Ball, location: 2F
0-1: Ball
Passed Ball!
Frank Parks scores
1-1: Swinging Strike
1-2: Ball
2-2: Foul Ball, location: 2F
2-2: Ground out 6-3 (Groundball, 6)
Bottom of the 5th over - 2 run(s), 2 hit(s), 0 error(s), 0 left on base; Capital District 1 - Hartford 3
TOP OF THE 6TH
Capital District Red Knights batting - Pitching for Hartford Whalers : LHP Orlando Martínez
Batting: RHB Chang-bum Pak 0-0: Ball
1-0: Ball
2-0: Foul Ball, location: 2F
2-1: Called Strike
2-2: Foul Ball, location: 2F
2-2: Foul Ball, location: 2F
2-2: Foul Ball, location: 2F
2-2: Foul Ball, location: 2F
2-2: Ball
3-2: Fly out, F9 (Flyball, 89M)
Batting: RHB David Edwards 0-0: DOUBLE (Flyball, 9LM)
Batting: RHB Guillermo Montoya 0-0: Called Strike
0-1: Ball
1-1: Fly out, F4 (Popup, 3D)
Batting: LHB Jeff Walsh 0-0: Ball
1-0: Foul Ball, location: 2F
1-1: Ball
2-1: SINGLE (Line Drive, 4MD)
David Edwards to third
Runner from 3rd tries for Home, SAFE, no throw or cutoff
Batting: RHB Jesús Castro 0-0: Ball
1-0: Ground out 4-3 (Groundball, 4)
Top of the 6th over - 1 run(s), 2 hit(s), 0 error(s), 1 left on base; Capital District 2 - Hartford 3
BOTTOM OF THE 6TH
Hartford Whalers batting - Pitching for Capital District Red Knights : RHP Paul Lowery
Batting: LHB César Durán 0-0: Ball
1-0: Foul Ball, location: 2F
1-1: Called Strike
1-2: Ball
2-2: Ground out 3-1 (Groundball, 34S)
Batting: RHB Mike Brown 0-0: Ball
1-0: Called Strike
1-1: Ball
2-1: Fly out, F8 (Flyball, 8RXD)
Batting: LHB Bill Burgess 0-0: Ball
1-0: Foul Ball, location: 2F
1-1: Swinging Strike
1-2: Ball
2-2: Foul Ball, location: 2F
2-2: Foul Ball, location: 2F
2-2: Strikes out looking
Bottom of the 6th over - 0 run(s), 0 hit(s), 0 error(s), 0 left on base; Capital District 2 - Hartford 3
TOP OF THE 7TH
Capital District Red Knights batting - Pitching for Hartford Whalers : LHP Orlando Martínez
Batting: RHB Cullen Spencer 0-0: Foul Ball, location: 2F
0-1: Ball
1-1: SINGLE (Line Drive, 8RS)
Batting: RHB Paul Lowery 0-0: Sac Bunt - play at first, batter OUT! 2-4
Cullen Spencer to second
Pinch Hitting: RHB Billy Farley 0-0: Called Strike
0-1: Ground out 1-3 (Groundball, 23)
Cullen Spencer to third
Batting: RHB Mark Field 0-0: Ball
1-0: Called Strike
1-1: Ball
2-1: Ball
3-1: Fly out, F6 (Popup, 5DF)
Top of the 7th over - 0 run(s), 1 hit(s), 0 error(s), 1 left on base; Capital District 2 - Hartford 3
BOTTOM OF THE 7TH
Hartford Whalers batting - Pitching for Capital District Red Knights : RHP Paul Lowery
Now in LF: Billy Farley
Batting: RHB Michael Collins 0-0: Called Strike
0-1: SINGLE (Line Drive, 7LS)
Batting: RHB Félix Rodríguez 0-0: Ball
1-0: Ball
2-0: SINGLE (Line Drive, 34D)
Michael Collins to second
Batting: LHB Frank Parks 0-0: Ball
1-0: Ball
2-0: Called Strike
2-1: Foul Ball, location: 2F
2-2: Foul Ball, location: 2F
2-2: Foul Ball, location: 2F
2-2: Fly out, F6 (Line Drive, 6M)
Pinch Hitting: SHB Julian Anthony 0-0: DOUBLE (Flyball, 7D)
Michael Collins scores
Félix Rodríguez to third
Pinch Hitting: RHB Dave O'Day 0-0: Ball
1-0: Ball
2-0: Called Strike
2-1: Ball
3-1: Called Strike
3-2: Base on Balls
Pitching: RHP Iván Ledesma Jr.
Batting: RHB Roberto Ramírez 0-0: Called Strike
0-1: Ball
1-1: Ball
2-1: Ball
3-1: Foul Ball, location: 2F
3-2: Base on Balls
Félix Rodríguez scores
Julian Anthony to third
Dave O'Day to second
Batting: LHB César Durán 0-0: Foul Ball, location: 2F
0-1: Ball
1-1: Ball
2-1: Ball
3-1: Base on Balls
Julian Anthony scores
Dave O'Day to third
Roberto Ramírez to second
Batting: RHB Mike Brown 0-0: Called Strike
0-1: Foul Ball, location: 2F
0-2: Ball
1-2: Fly out, F9 (Flyball, 9M)
Runner from 3rd tags up, SCORES, throw made
Batting: LHB Bill Burgess 0-0: Ball
1-0: Swinging Strike
1-1: SINGLE (Flyball, 89S)
Roberto Ramírez to third
César Durán to second
Batting: RHB Michael Collins 0-0: Called Strike
0-1: Foul Ball, location: 2F
0-2: Fly out, F9 (Line Drive, 9S)
Bottom of the 7th over - 4 run(s), 4 hit(s), 0 error(s), 3 left on base; Capital District 2 - Hartford 7
TOP OF THE 8TH
Capital District Red Knights batting - Pitching for Hartford Whalers : LHP Orlando Martínez
Pitching: RHP Juan Hernández
Now at SS: Dave O'Day
Batting: RHB Chang-bum Pak 0-0: Called Strike
0-1: Ball
1-1: DOUBLE (Line Drive, 7LD)
Batting: RHB David Edwards 0-0: Ball
1-0: Swinging Strike
1-1: Ball
2-1: Swinging Strike
2-2: Strikes out swinging
Batting: RHB Guillermo Montoya 0-0: Called Strike
0-1: Swinging Strike
0-2: Ball
1-2: Fly out, F8 (Flyball, 8LM)
Batting: LHB Jeff Walsh 0-0: Ball
1-0: Ball
2-0: Ball
3-0: Base on Balls
Batting: RHB Jesús Castro 0-0: Ground out 5-3 (Groundball, 56)
Top of the 8th over - 0 run(s), 1 hit(s), 0 error(s), 2 left on base; Capital District 2 - Hartford 7
BOTTOM OF THE 8TH
Hartford Whalers batting - Pitching for Capital District Red Knights : RHP Iván Ledesma Jr.
Batting: RHB Félix Rodríguez 0-0: Ball
1-0: Ground out 4-3 (Groundball, 4)
Batting: LHB Frank Parks 0-0: Ground out 6-3 (Groundball, 6)
Pinch Hitting: RHB Henry Potts 0-0: Fly out, F6 (Popup, 6)
Bottom of the 8th over - 0 run(s), 0 hit(s), 0 error(s), 0 left on base; Capital District 2 - Hartford 7
TOP OF THE 9TH
Capital District Red Knights batting - Pitching for Hartford Whalers : RHP Juan Hernández
Pitching: LHP Jesús Cantú
Batting: RHB Cullen Spencer 0-0: Ball
1-0: Called Strike
1-1: Ball
2-1: Foul Ball, location: 2F
2-2: Strikes out looking
Pinch Hitting: LHB Ralph Dunford 0-0: Ball
1-0: Called Strike
1-1: Ground out 3-1 (Groundball, 34)
Batting: RHB Billy Farley 0-0: Ball
1-0: Called Strike
1-1: Ball
2-1: Ball
3-1: Foul Ball, location: 2F
3-2: Foul Ball, location: 2F
3-2: Ground out 5-3 (Groundball, 56S)
Top of the 9th over - 0 run(s), 0 hit(s), 0 error(s), 0 left on base; Capital District 2 - Hartford 7
This league is powered by Out of the Park Baseball, the baseball management simulation game for PC, Mac and Linux
Saturday, July 25th, 2015 - OOTP Baseball 15.6 Build 34